 Dungeon Crawl Stone Soup version 0.23-a0-644-gb60d84b635 (webtiles) character file.

307 HereIgoKillingAgain the Slasher (level 6, -4/44 HPs)
             Began as a Demonspawn Gladiator on Jan 1, 2019.
             Slain by Grinder (6 damage)
             ... on level 5 of the Dungeon.
             The game lasted 00:03:32 (3966 turns).

HereIgoKillingAgain the Slasher (DsGl)              Turns: 3966, Time: 00:03:32

Health: -4/44      AC:  7    Str: 14    XL:     6   Next: 16%
Magic:  6/6        EV: 18    Int: 12    God:
Gold:   161        SH:  0    Dex: 19    Spells: 5/5 levels left

rFire    . . .     SeeInvis .   q - +1 rapier (freeze)
rCold    . . .     Gourm    .   (no shield)
rNeg     . . .     Faith    .   b - +0 leather armour
rPois    .         Spirit   .   c - +0 helmet
rElec    .         Reflect  .   (no cloak)
rCorr    .         Harm     .   s - +0 pair of gloves
MR       .....                  (no boots)
Stlth    ++........             (no amulet)
HPRegen  0.14/turn              (no ring)
MPRegen  0.10/turn              (no ring)

@: agile, berserk cooldown, flying, slowed, very slow
A: thin metallic scales 1, powered by death 1
a: no special abilities


You were on level 5 of the Dungeon.
You were near starving.

You visited 1 branch of the dungeon, and saw 5 of its levels.

You collected 161 gold pieces.

Inventory:

Hand Weapons
 a - a +0 long sword
 q - a +1 rapier of freezing (weapon)
Missiles
 m - a throwing net (quivered)
Armour
 b - a +0 leather armour (worn)
 c - a +0 helmet (worn)
 s - a +0 pair of gloves (worn)
Jewellery
 u - an uncursed ring of stealth {unknown}
Wands
 t - a wand of scattershot (4)
Scrolls
 e - 3 scrolls of teleportation {unknown}
 i - 3 scrolls of identify {unknown}
 j - 2 scrolls of remove curse {unknown}
 k - 2 scrolls of amnesia {unknown}
 l - a scroll of immolation {unknown}
 o - a scroll of enchant armour {unknown}
Potions
 g - 2 potions of brilliance
 h - a potion of might {unknown}
 r - a potion of lignification {unknown}
Comestibles
 f - 5 rations


   Skills:
 - Level 2.0 Fighting
 + Level 6.3 Long Blades
 - Level 1.7 Throwing
 - Level 2.6 Dodging


You had 5 spell levels left.
You didn't know any spells.
Your spell library was empty.

Dungeon Overview and Level Annotations

Branches:
Dungeon (5/15)
 Temple: D:4-7

Altars:

Annotations:
D:5 1 transporter, CakeIsGreat's ghost, novice GrFi; Grinder


Innate Abilities, Weirdness & Mutations

You are partially covered in thin metallic scales. (AC +2)
You regenerate a little health from kills.


Message History

You barely miss Grinder.
Grinder is severely wounded.
Grinder gestures at you. You resist with significant effort.
You puncture Grinder!
Grinder is almost dead.
Grinder blinks!
You are too berserk!
You feel a strong urge to attack something.
You are no longer berserk.
You are exhausted.
You feel yourself slow down. Grinder gestures at you.
You resist with significant effort.
You hit Grinder but do no damage.
Grinder is severely wounded.
Grinder hits you.
* * * LOW HITPOINT WARNING * * *
You writhe in agony.
You die...

#..#.......#.###
#.#########...
#.# #..## #.#
#.... #.# #.####
#.# #.# #ยง#
#.## #.@# ##.5#
##... ####


You could see Grinder.

Vanquished Creatures
  A hound (D:3)
  A worker ant (D:4)
  A worker ant zombie (D:3)
  4 gnolls (D:2)
  8 adders
  2 oozes
  An adder skeleton (D:4)
  A worm (D:3)
  2 dart slugs
  7 leopard geckos
  14 orcs
  2 giant cockroaches
  7 goblins
  10 hobgoblins
  11 jackals
  6 kobolds
  6 bats
  8 frilled lizards
  8 rats
100 creatures vanquished.

Notes
Turn   | Place    | Note
-------+----------+-------------------------------------------
     0 | D:1      | HereIgoKillingAgain the Demonspawn Gladiator began the
                  | quest for the Orb.
     0 | D:1      | Reached XP level 1. HP: 16/16 MP: 1/1
    64 | D:1      | Reached skill level 3 in Long Blades
   335 | D:1      | Gained mutation: You regenerate a little health from kills.
                  | [demonic ancestry]
   335 | D:1      | Reached XP level 2. HP: 22/22 MP: 2/2
   626 | D:1      | Reached XP level 3. HP: 27/27 MP: 3/3
   802 | D:1      | Reached skill level 4 in Long Blades
  1473 | D:2      | Gained mutation: You are partially covered in thin metallic
                  | scales. (AC +2) [demonic ancestry]
  1473 | D:2      | Reached XP level 4. HP: 32/33 MP: 4/4
  1621 | D:2      | Reached skill level 5 in Long Blades
  1930 | D:2      | Found a faded altar of an unknown god.
  2064 | D:3      | Reached XP level 5. HP: 32/38 MP: 5/5
  2878 | D:3      | Reached skill level 6 in Long Blades
  3477 | D:4      | Reached XP level 6. HP: 44/44 MP: 6/6
  3915 | D:5      | Entered Level 5 of the Dungeon
  3915 | D:5      | Found a transporter.
  3915 | D:5      | Noticed CakeIsGreat's ghost (novice GrFi)
  3932 | D:5      | Noticed Grinder
  3932 | D:5      | Paralysed by Grinder for 6 turns
  3941 | D:5      | Paralysed by Grinder for 7 turns
  3954 | D:5      | Paralysed by Grinder for 3 turns
  3966 | D:5      | HP: 2/44 [Grinder (5)]
  3966 | D:5      | Slain by Grinder

Vault maps used:
D:1:      lemuel_arrival_muddy, lemuel_flame_loot_1
D:2:      chequers_ecumenical_altar_grove
D:4:      first_ration
D:5:      lemuel_doored_altar, chequers_temple_overflow_minitemple,
          minmay_temple_entry_grid, gammafunk_ghost_smash, hex_intersection,
          ebering_dispersal_statue_hall, uniq_grinder, uniq_menkaure,
          uniq_blork_the_orc

Skill      XL: |  1  2  3  4  5 |
---------------+----------------+-----
Long Blades    | 3 4 5 6 |  6.3
Fighting       | |  2.0
Throwing       | |  1.7
Dodging        | |  2.6

Action                   |  1- 3 |  4- 6 || total
-------------------------+-------+-------++-------
Melee: Long sword        |   100 |   129 ||   229
       Rapier            |       |    70 ||    70
Throw: Throwing net      |       |     3 ||     3
  Use: Potion            |       |     5 ||     5
 Stab: Sleeping          |     1 |       ||     1
  Eat: Chunk             |     1 |     4 ||     5
       Ration            |       |     1 ||     1
Armor: Leather armour    |    49 |    54 ||   103
Dodge: Dodged            |    89 |   137 ||   226
       Rpst.: Long sword |    29 |    35 ||    64

Table legend:
 A = Non-vault XP
 B = Vault XP
 C = Vault XP percentage of total XP
 D = Non-vault monster count
 E = Vault monster count
 F = Vault count percentage of total count
                 A         B        C        D         E       F
            +---------+---------+-------+---------+---------+-------
      Total |     439 |       0 |   0.0 |     100 |       0 |   0.0
            +---------+---------+-------+---------+---------+-------
        D:1 |      60 |       0 |   0.0 |      31 |       0 |   0.0
        D:2 |     115 |       0 |   0.0 |      29 |       0 |   0.0
        D:3 |     183 |       0 |   0.0 |      28 |       0 |   0.0
        D:4 |      81 |       0 |   0.0 |      12 |       0 |   0.0
            +---------+---------+-------+---------+---------+-------
